Map: Ulrena

Players

RedBaron - Winner!

  • Race: Zerg Zerg
  • League: Gold

VOD

Have the link to the VOD?

Description

Time

  • Played on: April 14, 2016, 4:37 a.m.
  • Length: 3:08
Show
View Real Time Build Order
Export as new Build Order

RedBaron Zerg - Winner!

Build Orders: Pool First 

Get SALT Encoding   

  12  0:03  Drone  
  12  0:12  Extractor, Drone  
  12  0:17  Drone  
  12  0:25  Extractor  
  12  0:26  Drone  
  12  0:41  Spawning Pool  
  12  0:51  Extractor  
  12  0:52  Drone  
  12  0:56  Overlord  
  12  1:29  Metabolic Boost  
  12  1:30  Queen  
  12  1:31  Zergling x2  
  12  1:32  Zergling x4  
  12  1:44  Zergling x2  
  12  1:55  Zergling x2  
  12  2:03  Hatchery  
  12  2:06  Zergling x2  
  12  2:16  Overlord  
  12  2:35  Zergling x2  
  12  2:44  Zergling x6  
  12  2:45  Zergling x2  
Tags
 
League
Gold
Opening
Pool First
Race
Zerg
Add a new tag
Caveats
  • Supply blocks, unpowered buildings, or Contaminate may cause inaccurate times.
  • Supply counts are checked every 10 seconds.